 Dungeon Crawl Stone Soup version 0.31.0-11-ge490571c62 (console) character file.

Game seed: 5417403809911290752

1732 ratboy the Cleaver (level 9, -2/82 HPs)
             Began as a Hill Orc Cinder Acolyte on Feb 4, 2024.
             Was a High Priest of Ignis.
             Slain by Maurice
             ... wielding a +0 dagger
              (6 damage)
             ... on level 7 of the Dungeon.
             The game lasted 00:13:54 (6687 turns).

ratboy the Cleaver (Hill Orc Cinder Acolyte)        Turns: 6687, Time: 00:13:54

Health: -2/82      AC:  0    Str: 19    XL:     9   Next: 5%
Magic:  0/10       EV: 13    Int: 14    God:    Ignis [*****.]
Gold:   0          SH:  0    Dex:  8    Spells: 10/10 levels left

rFire   + . .        a - melded -1 hand axe (flame)
rCold   . . .        (shield currently unavailable)
rNeg    . . .        h - melded +0 chain mail
rPois   .            (helmet currently unavailable)
rElec   .            v - melded scarf {+Inv}
rCorr   .            (gloves currently unavailable)
SInv    .            (boots currently unavailable)
Will    .....        (no amulet)
Stlth   +            s - melded +4 ring of protection
HPRegen 0.33/turn    x - melded +5 ring of evasion
MPRegen 0.12/turn

%: no passive effects
@: pig-form, studying Summonings, very quick
A: fast, no casting, small
a: Renounce Religion, Fiery Armour, Foxfire Swarm, Rising Flame


You were on level 7 of the Dungeon.
You worshipped Ignis.
Ignis was extremely pleased with you.
You were a filthy swine.
You visited 2 branches of the dungeon, and saw 8 of its levels.

Inventory:

Hand Weapons
 a - a -1 hand axe of flaming (melded)
Missiles
 d - 10 stones (quivered)
 k - 2 datura-tipped darts
Armour
 h - a +0 chain mail (melded)
 v - a scarf of invisibility (melded)
Jewellery
 s - a +4 ring of protection (melded)
 x - a +5 ring of evasion (melded)
Wands
 z - a wand of polymorph (2)
Scrolls
 c - 2 scrolls of fear {unknown}
 e - a scroll of enchant armour {unknown}
 f - 4 scrolls of revelation {unknown}
 g - 4 scrolls of teleportation {unknown}
 i - 5 scrolls of identify {unknown}
 j - 2 scrolls of poison {unknown}
 l - a scroll of silence {unknown}
 n - 3 scrolls of amnesia {unknown}
 p - a scroll of vulnerability {unknown}
 u - a scroll of immolation {unknown}
 y - 2 scrolls of torment {unknown}
Potions
 b - a potion of enlightenment {unknown}
 m - 2 potions of attraction {unknown}
 o - 4 potions of curing {unknown}
 q - 2 potions of might {unknown}
 r - a potion of brilliance {unknown}
 t - a potion of lignification {unknown}


   Skills:
 + Level 8.6 Fighting
 * Level 12.5 Axes
 - Level 1.0 Spellcasting
 - Level 3.2 Fire Magic


You had 10 spell levels left.
You didn't know any spells.
Your spell library contained the following spells:

 Spells                   Type           Power      Damage    Failure   Level
 Scorch                   Fire           18%        2d5       11%         2
 Ensorcelled Hibernation  Hex/Ice        0%         N/A       36%         2
 Fugue of the Fallen      Necr           0%         N/A       61%         3
 Ozocubu's Armour         Ice            0%         N/A       61%         3
 Tukima's Dance           Hex            0%         N/A       61%         3
 Anguish                  Hex/Necr       0%         N/A       95%         4
 Cause Fear               Hex            0%         N/A       95%         4
 Dimensional Bullseye     Hex/Tloc       0%         N/A       95%         4
 Iskenderun's Mystic Bla  Conj/Tloc      0%         2d3       95%         4
 Metabolic Englaciation   Hex/Ice        0%         N/A       100%        5
 Sculpt Simulacrum        Ice/Alch       0%         N/A       100%        6
 Enfeeble                 Hex            0%         N/A       100%        7


Dungeon Overview and Level Annotations

Branches:
Dungeon (7/15)             Temple (1/1) D:4

Altars:
Ashenzari
Cheibriados
Dithmenos
Fedhas
Gozag
Hepliaklqana
Kikubaaqudgha
Makhleb
Nemelex Xobeh
Okawaru
Qazlal
Ru
Trog
Uskayaw
Vehumet
Wu Jian
Xom
Zin
The Shining One

Shops:
D:5 *

Annotations:
D:7 Maurice


Message History

Your +4 ring of protection melds into your body.
Your +5 ring of evasion melds into your body.
Your -1 hand axe of flaming stops flaming.
You closely miss something. You miss something.
You hear some strange, mumbled words.
Something hits you!
Something steals 21 gold pieces!
You now have 385 gold pieces.
Something barely misses you.
You barely miss something. You miss something.
You hear some strange, mumbled words.
You miss something. Something hits you.
Something steals 208 gold pieces!
You now have 177 gold pieces.
Something bites you.
You feel your power leaking away. Something drains your magic.
You miss something. Something hits you.
Something steals 177 gold pieces!
You now have 0 gold pieces.
Something bites you.
You feel your power leaking away. Something drains your magic.
You closely miss something. Something hits you!
Something mutters, "Now where did you hide it?"
Something barely misses you.
You miss something. Something hits you!
Something mutters, "Now where did you hide it?"
Something barely misses you.
You miss something. You miss something. Something hits you.
Something groans, "What are you, a monk?"
Something bites you.
You feel your power leaking away. Something drains your magic.
You hit something but do no damage. Something hits you.
* * * LOW HITPOINT WARNING * * *
Something grunts, "Curses!"
Something bites you!
* * * LOW HITPOINT WARNING * * *
You feel your power leaking away. Something drains your magic.
You miss something. Something hits you!
* * * LOW HITPOINT WARNING * * *
Something grunts, "Curses!"
Something bites you.
You die...

.......# #.##...#
.......# #.#..###
.......# #.#.##
.......######.#.#
.......+........#
.......######.###
##..#####.....#
#..####...#.## #
#..##....##.#
####.#.##
##>...##.##.#
#.......#
#.......##.#
#h##.#..#
#.########.# #{#
#.# ######.# #.#
#.# #......# #.#
#.# #.###### #.#
#.# #.####.# #.# #
#.# #......# #.#.#
#.########.###.#.#
#.......#........#
#######.#..###.###
#.#......#


There were no monsters in sight!

Vanquished Creatures
  Sigmund (D:4)
  A yak (D:5)
  An ice beast (D:5)
  A sky beast (D:6)
  An ogre (D:6)
  A phantom (D:5)
  2 bullfrogs
  4 scorpions
  3 bombardier beetles
  2 orc priests (D:5)
  A jelly (D:4)
  2 hounds
  An iguana (D:4)
  5 sleepcaps
  3 orc wizards
  10 adders
  A shadow imp (D:5)
  A white imp (D:7)
  2 ribbon worms
  22 orcs
  8 endoplasms
  5 giant cockroaches
  10 hobgoblins
  4 jackals
  7 kobolds
  A quokka (D:1)
  6 ball pythons
  6 frilled lizards
  12 goblins
  4 rats
128 creatures vanquished.

Notes
Turn   | Place    | Note
-------+----------+-------------------------------------------
     0 | D:1      | ratboy the Hill Orc Cinder Acolyte began the quest for the
                  | Orb.
     0 | D:1      | Reached XP level 1. HP: 19/19 MP: 2/2
   107 | D:1      | Reached XP level 2. HP: 25/27 MP: 3/3
   579 | D:2      | Reached skill level 5 in Axes
   579 | D:2      | Reached XP level 3. HP: 30/33 MP: 4/4
  1022 | D:2      | Reached XP level 4. HP: 35/41 MP: 5/5
  1153 | D:2      | Found a faded altar of an unknown god.
  1596 | D:3      | Reached skill level 6 in Axes
  2224 | D:3      | Reached XP level 5. HP: 47/47 MP: 6/6
  2245 | D:3      | Found a broken altar of Ashenzari.
  2781 | D:4      | Reached skill level 5 in Fighting
  2815 | D:4      | Noticed Sigmund
  2830 | D:4      | Killed Sigmund
  2831 | D:4      | Reached skill level 7 in Axes
  2831 | D:4      | Reached XP level 6. HP: 45/57 MP: 7/7
  2884 | D:4      | Found a staircase to the Ecumenical Temple.
  2895 | Temple   | Found a transporter.
  2895 | Temple   | Found a transporter.
  2895 | Temple   | Found a transporter.
  2895 | Temple   | Found a transporter.
  2895 | Temple   | Entered the Ecumenical Temple
  2933 | D:4      | Reached skill level 8 in Axes
  3264 | D:4      | Reached XP level 7. HP: 63/63 MP: 8/8
  3596 | D:4      | Reached skill level 9 in Axes
  4253 | D:5      | Entered Level 5 of the Dungeon
  4276 | D:5      | Found Pvyucredo's Practical Paraphernalia.
  4398 | D:5      | Found a stormy altar of Qazlal.
  4517 | D:5      | Noticed a yak
  4551 | D:5      | Killed a yak
  4645 | D:5      | Reached skill level 10 in Axes
  4767 | D:5      | Reached XP level 8. HP: 63/73 MP: 9/9
  5456 | D:5      | Reached skill level 11 in Axes
  6178 | D:7      | Reached skill level 12 in Axes
  6404 | D:7      | Reached XP level 9. HP: 73/82 MP: 10/10
  6651 | D:7      | Noticed Maurice
  6655 | D:7      | Something stole a storm talisman
  6658 | D:7      | Something stole a +0 whip of venom
  6668 | D:7      | Something stole 29 stones
  6674 | D:7      | Something stole 21 gold
  6680 | D:7      | Something stole 208 gold
  6681 | D:7      | Something stole 177 gold
  6687 | D:7      | HP: 4/82 [something (11)]
  6687 | D:7      | Slain by Maurice

Illustrated notes

Levels and vault maps discovered:
D:1:      minmay_arrival_jagged, layout_rooms
D:2:      layout_loops_ring, shapermc_ecumenical_altar_venn,
          lightli_corner_chamber
D:3:      layout_basic, mainiacjoe_overflow_alcove_4, minivault_14
D:4:      layout_rooms, minmay_temple_entry_overgrown, serial_co_window_serial,
          co_window_cross_1, co_window_cross_1, co_window_corner_a,
          co_window_of_opportunity_a, co_window_paths_a, co_window_cross_2,
          co_window_unsneaky_path_c, co_window_broadway_b, co_window_cross_2,
          co_window_corner_b, co_window_corner_b, co_window_corner_ca,
          glass_columns_b, glass_columns_c, uniq_sigmund
D:5:      layout_loops_ring, nicolae_overflow_crystal_walls, st_stairs_1,
          hangedman_abyss_or_decor_stagger,
          serial_library_hellmonk_double_dead_end, nicolae_alphabet_shops
D:6:      layout_rooms
D:7:      layout_basic, led_sif_book, uniq_maurice
Temple:   hellmonk_temple_divided_pantheon

Skill      XL: |  1  2  3  4  5  6  7  8 |
---------------+-------------------------+-----
Fighting       | 4 5 6 7 8 |  8.6
Axes           | 5 6 7 8 10 12 | 12.5
Spellcasting   | |  1.0
Fire Magic     | |  3.2

Action                     |  1- 3 |  4- 6 |  7- 9 || total
---------------------------+-------+-------+-------++-------
  Melee: Hand axe          |   120 |   188 |   323 ||   631
         Punch             |     2 |     1 |     5 ||     8
         Unarmed           |       |       |    12 ||    12
  Throw: Stone             |     3 |     4 |     8 ||    15
 Armour: Ring mail         |    29 |       |       ||    29
         Chain mail        |    51 |   120 |   189 ||   360
         Skin              |       |       |    13 ||    13
  Dodge: Dodged            |    39 |    59 |   119 ||   217
